 Dungeon Crawl Stone Soup version 0.26-a0-812-g31a745ddcd (webtiles) character file.

Game seed: 5717078862685492365

12626 Dracia the Destroyer (level 11, -5/74 HPs)
             Began as a White Draconian Conjurer on Dec 5, 2020.
             Was a Priest of Vehumet.
             Hit by a javelin thrown by a minotaur (30 damage)
             ... in a Gauntlet.
             The game lasted 00:50:32 (17350 turns).

Dracia the Destroyer (White Draconian Conjurer)    Turns: 17350, Time: 00:50:33

Health: -5/74      AC: 15    Str: 11    XL:     11   Next: 64%
Magic:  14/25      EV: 12    Int: 21    God:    Vehumet [***...]
Gold:   103        SH:  5    Dex: 15    Spells: 4/31 levels left

rFire    . . .     SeeInvis +   l - +7 dagger
rCold    + . .     Faith    .   (no shield)
rNeg     . . .     Spirit   .   (armour unavailable)
rPois    .         Reflect  +   H - +0 hat {SInv}
rElec    .         Harm     .   r - +2 cloak {MR+}
rCorr    .         Rampage  .   k - +2 pair of gloves
MR       ++...     NoTele   +   J - +1 pair of boots
Stlth    ++........             G - amulet of reflection
HPRegen  0.22/turn              D - +6 ring of dexterity
MPRegen  0.19/turn              m - ring of protection from magic

@: no status effects
A: breathe frost, unfitting armour, cold resistance 1, cold-blooded, AC +7
a: Breathe Frost, Renounce Religion


You were in a Gauntlet.
You worshipped Vehumet.
Vehumet was most pleased with you.
You visited 3 branches of the dungeon, and saw 13 of its levels.
You also visited: Gauntlet.

You collected 758 gold pieces.
You spent 655 gold pieces at shops.


Innate Abilities, Weirdness & Mutations

You can breathe waves of freezing cold.
You can buffet flying creatures when you breathe cold.
Your icy white scales are hard. (AC +7)
You cannot fit into any form of body armour.
Your flesh is cold resistant. (rC+)
You are cold-blooded and may be slowed by cold attacks.


   Skills:
 - Level 1.7 Dodging
 - Level 1.7 Stealth
 + Level 10.8 Spellcasting
 + Level 12.1 Conjurations
 - Level 5.6 Translocations
 + Level 7.2 Earth Magic


You had 4 spell levels left.
You knew the following spells:

 Your Spells              Type           Power        Failure   Level
a - Passwall              Tmut/Erth      ####....     1%          2
d - Dazzling Flash        Conj/Hex       #####.       1%          3
f - Fulminant Prism       Conj/Hex       #####.....   1%          4
l - Lee's Rapid Deconstr  Erth           #####.....   2%          5
o - Shock                 Conj/Air       ####         1%          1
p - Petrify               Tmut/Erth      ####....     14%         4
s - Searing Ray           Conj           ######       1%          2
x - Foxfire               Conj/Fire      ####         1%          1
z - Magic Dart            Conj           ####         1%          1
X - Iskenderun's Mystic   Conj/Tloc      #####...     1%          4

Your spell library contained the following spells:

 Spells                   Type           Power        Failure   Level
 Hailstorm                Conj/Ice       #####...     1%          4
 Apportation              Tloc           #####.       1%          1
 Sandblast                Erth           #####.       1%          1
 Mephitic Cloud           Conj/Pois/Air  ####....     1%          3
 Stone Arrow              Conj/Erth      ######       1%          3
 Ignite Poison            Fire/Tmut/Pois ##......     5%          3
 Inner Flame              Hex/Fire       ##......     5%          3
 Portal Projectile        Hex/Tloc       ###...       5%          3
 Animate Skeleton         Necr           ##....       6%          1
 Corona                   Hex            ##.....      6%          1
 Sting                    Tmut/Pois      ##..         6%          1
 Summon Small Mammal      Summ           ##..         6%          1
 Poisonous Vapours        Pois/Air       ##....       9%          2
 Slow                     Hex            ##......     9%          2
 Leda's Liquefaction      Hex/Erth       ####......   14%         4
 Olgreb's Toxic Radiance  Pois           ##......     16%         4
 Cause Fear               Hex            ##........   52%         4
 Iskenderun's Battlesphe  Conj           ######..     1%          5
 Bolt of Magma            Conj/Fire/Erth #####.....   3%          5
 Iron Shot                Conj/Erth      ######....   4%          6
 Orb of Destruction       Conj           ######....   10%         7
 Spellforged Servitor     Conj/Summ      #####.....   67%         7
 Lehudib's Crystal Spear  Conj/Erth      ######....   85%         8
 Chain Lightning          Conj/Air       #####.....   99%         8
 Absolute Zero            Ice            ##........   100%        9
 Fire Storm               Conj/Fire      #####.....   100%        9

Inventory:

Hand Weapons
 i - a +0 dagger
 l - a +7 dagger (weapon)
 x - a +0 quarterstaff
Missiles
 p - 4 curare-tipped darts {=f=f}
 u - 10 silver boomerangs (quivered)
 w - a throwing net {=f=f}
Armour
 k - a +2 pair of gloves (worn)
 o - a +2 hat
 r - a +2 cloak of magic resistance (worn)
 H - a +0 hat of see invisible (worn)
 J - a +1 pair of boots (worn)
Jewellery
 f - the ring of Oenomania {MR++ rCorr Dex-5}
   (You found it in a Gauntlet)

   [ring of resist corrosion]

   It affects your dexterity (-5).
   It affects your resistance to hostile enchantments.
   It provides partial protection from all sources of acid and corrosion.
 g - an uncursed amulet of regeneration
 m - a ring of protection from magic (right hand)
 t - an uncursed ring of teleportation
 A - an uncursed amulet of the acrobat
 C - an uncursed ring of protection from cold
 D - a +6 ring of dexterity (left hand)
 G - an amulet of reflection (around neck)
 M - an uncursed ring of protection from magic
 S - a +6 ring of strength
 T - an uncursed amulet of faith {!P!P}
Wands
 d - a wand of disintegration (8)
 v - a wand of paralysis (5)
 B - a wand of flame (26)
 F - a wand of polymorph (10)
 I - a wand of acid (9)
 K - a wand of iceblast (9)
Scrolls
 b - 7 scrolls of remove curse {@r2@r2}
 c - 8 scrolls of teleportation {@r4@r4}
 h - 8 scrolls of identify {@r1@r1}
 j - 2 scrolls of fear
 n - 3 scrolls of magic mapping
Potions
 a - 3 potions of degeneration
 e - a potion of flight
 q - 3 potions of curing {@q1@q1}
 s - a potion of attraction
 z - a potion of haste {@q3@q3}
 E - a potion of heal wounds {@q2@q2}
Miscellaneous
 y - a phial of floods

Dungeon Overview and Level Annotations

Branches:
Dungeon (11/15)            Temple (1/1) D:5            Lair (1/6) D:10
    Orc (0/2) D:9         Gauntlet (1/1)

Altars:
Cheibriados
Elyvilon
Fedhas
Gozag
Hepliaklqana
Kikubaaqudgha
Makhleb
Okawaru
Qazlal
Ru
Sif Muna
Trog
Uskayaw
Vehumet
Yredelemnul
The Shining One

Shops:
D:4 [   D:5 ?   D:7 !**[(   D:8 :   D:10 (

Annotations:
D:9 2 runed translucent doors Gauntlet 12 transporters, exclusion: obsidian statue

#8#
#8##≈...............≈##8#
#8 ###
####8..©.©.©.©.©.©.§8####
## #≈...............≈#
#####.###.###.#####
###.###.###.#
#............
#.###.###.##
#.###.###.###.
#.....@.......
#######'###### .H. *###
.. ∩≈ ≈≈≈ ###


You could see a minotaur and a friendly fulminant prism.


Message History

Aiming: Searing Ray (safe; 1% risk of failure)
Press: ? - help, Shift-Dir - straight line, f - minotaur
Aim: a minotaur, wielding a staff of air, wearing a +0 chain mail and quivering 12 javelins (wandering, hasn't noticed you)
The searing ray hits the minotaur!
The minotaur is lightly wounded. (Press . to maintain the ray.)
The minotaur hits you with an uncursed staff of air!!
You are electrocuted!
The minotaur barely misses you.
The searing ray hits the minotaur.
The minotaur is lightly wounded.
You block the minotaur's attack. The minotaur gores you!
* * * LOW HITPOINT WARNING * * *
Okay, then.
Okay, then.
Use which ability? (? or * to list) Really renounce your faith, foregoing its fabulous benefits?
Okay, then.
Casting: Searing Ray (safe; 1% risk of failure)
Confirm with . or Enter, or press ? or * to list all spells.
You erupt in a blast of force!
The mystic blast hits the minotaur.
The minotaur is lightly wounded.
The minotaur is knocked back by the mystic blast.
Casting: Iskenderun's Mystic Blast (safe; 1% risk of failure)
Confirm with . or Enter, or press ? or * to list all spells.
Press: ? - help, Dir - move target cursor, p - minotaur You conjure a prism of explosive energy!
A fulminant prism comes into view.
The minotaur throws a javelin.
The javelin pierces through you!!
You die...

Skill      XL: |  1  2  3  4  5  6  7  8  9 10 11 |
---------------+----------------------------------+-----
Spellcasting   | 3 4 5 6 7 9 10 | 10.8
Conjurations   | 5 6 7 9 10 11 12 | 12.1
Translocations | 3 5 |  5.6
Earth Magic    | 2 5 7 |  7.2
Dodging        | |  1.7
Stealth        | |  1.7

Action                   |  1- 3 |  4- 6 |  7- 9 | 10-12 || total
-------------------------+-------+-------+-------+-------++-------
Melee: Unarmed           |    11 |       |       |       ||    11
       Tailslap          |     3 |    14 |    50 |    22 ||    89
       Dagger            |    41 |   126 |   352 |   167 ||   686
 Cast: Magic Dart        |    21 |    13 |    27 |    91 ||   152
       Searing Ray       |     3 |     8 |    26 |    25 ||    62
       Dazzling Flash    |       |     1 |     1 |     2 ||     4
       Iskenderun's Myst |       |       |       |    30 ||    30
       Foxfire           |       |       |       |     7 ||     7
       Fulminant Prism   |       |       |       |     8 ||     8
       Shock             |       |       |       |     9 ||     9
       Lee's Rapid Decon |       |       |       |     4 ||     4
       Petrify           |       |       |       |     2 ||     2
 Abil: Breathe Frost     |       |       |     5 |     4 ||     9
Evoke: Wand              |       |       |       |     8 ||     8
  Use: Scroll            |       |    10 |     4 |     7 ||    21
       Potion            |       |     4 |     3 |    10 ||    17
 Stab: Sleeping          |     2 |     8 |     3 |     5 ||    18
       Invisible         |       |     2 |       |       ||     2
       Distracted        |       |       |     1 |       ||     1
Armor: Skin              |    18 |    42 |   195 |    94 ||   349
Dodge: Dodged            |    33 |   104 |   272 |   139 ||   548
Block: Other             |       |       |       |    19 ||    19
       Reflection        |       |       |       |     1 ||     1

Levels and vault maps discovered:
D:1:      minmay_arrival_loop, layout_basic
D:2:      minmay_general_purpose_star, layout_rooms, uniq_jessica
D:3:      minmay_evil_eye, layout_basic, uniq_terence
D:4:      cheibrodos_greedy_goblins, layout_loops_ring, serial_shops,
          shop_statue
D:5:      layout_basic, temple_pool_b, serial_shops, shop
D:6:      layout_basic, portal_sewer_entry_e
D:7:      layout_basic, serial_shops, shop, nicolae_shop_stone,
          nicolae_shop_crystal, nicolae_shop_crystal, nicolae_shop_statue_plus
D:8:      layout_basic, serial_shops, kennysheep_mini_moat
D:9:      layout_stronghold, lemuel_coloured_pillars_altar, david_orc_2,
          minmay_misc_feat_nine_boxes, minmay_guarded_unrand_resistance,
          uniq_harold
D:10:     layout_cave_pods, david_lair_generic, serial_shops, shop_fountains,
          uniq_urug
D:11:     layout_layer_cave, minmay_nine_imps
Temple:   roderic_octagonal_lattice_temple
Lair:1:   layout_regular_city, gauntlet_entry_generic, serial_bayou_lake_a,
          uniq_sonja
Gauntlet: gammafunk_gauntlet_one_two_three [gammafunk_gauntlet_arena_crates,
          gammafunk_gauntlet_arena_split_diamond,
          gammafunk_gauntlet_arena_chambers, gammafunk_gauntlet_arena_split_x,
          nicolae_gauntlet_arena_t_cross, nicolae_gauntlet_arena_flowing_pool,
          nicolae_gauntlet_arena_grate_2, gammafunk_gauntlet_arena_spirals,
          gammafunk_gauntlet_arena_hedges, gauntlet_exit_watery]

Notes
Turn   | Place    | Note
-------+----------+-------------------------------------------
     0 | D:1      | Dracia the Draconian Conjurer began the quest for the Orb.
     0 | D:1      | Reached XP level 1. HP: 14/14 MP: 3/3
   610 | D:1      | Reached XP level 2. HP: 20/20 MP: 3/5
   644 | D:1      | Learned a level 2 spell: Searing Ray
  1122 | D:2      | Noticed Jessica
  1160 | D:2      | Reached XP level 3. HP: 26/26 MP: 7/7
  1439 | D:2      | Reached skill level 3 in Spellcasting
  1823 | D:2      | Reached XP level 4. HP: 23/33 MP: 5/8
  1942 | D:2      | Killed Jessica
  1942 | D:2      | Reached skill level 5 in Conjurations
  2038 | D:2      | Learned a level 3 spell: Dazzling Flash
  2554 | D:3      | Noticed Terence
  2567 | D:3      | Killed Terence
  2567 | D:3      | Reached XP level 5. HP: 27/38 MP: 1/10
  2925 | D:3      | Reached skill level 4 in Spellcasting
  3416 | D:4      | Reached XP level 6. HP: 36/45 MP: 9/12
  3649 | D:4      | Reached skill level 6 in Conjurations
  4244 | D:4      | Reached skill level 5 in Spellcasting
  4295 | D:4      | Found Houtu's Armour Shop.
  4298 | D:4      | Bought a +0 cloak of magic resistance for 115 gold pieces
  4681 | D:5      | Entered Level 5 of the Dungeon
  4696 | D:5      | Found Wulen's Magic Scroll Shoppe.
  4721 | D:5      | Your scales start taking on an icy white colour.
  4721 | D:5      | Reached XP level 7. HP: 49/50 MP: 14/14
  4721 | D:5      | Gained mutation: Your flesh is cold resistant. (rC+) [White
                  | Draconian growth]
  4815 | D:5      | Found a staircase to the Ecumenical Temple.
  5077 | D:5      | Reached skill level 7 in Conjurations
  5535 | D:5      | Reached skill level 6 in Spellcasting
  5621 | Temple   | Entered the Ecumenical Temple
  5775 | D:5      | Reached XP level 8. HP: 55/57 MP: 17/17
  5801 | D:5      | Learned a level 4 spell: Fulminant Prism
  6083 | D:6      | Reached skill level 8 in Conjurations
  6259 | D:6      | Identified a potion of resistance
  6266 | D:6      | Reached skill level 7 in Spellcasting
  7535 | Temple   | Became a worshipper of Vehumet
  7614 | D:7      | Found Iheso's Weapon Boutique.
  7651 | D:7      | Found Fusipafy's Armour Emporium.
  7767 | D:7      | Reached skill level 9 in Conjurations
  7956 | D:7      | Found Tuudot's General Store.
  7963 | D:7      | Reached XP level 9. HP: 23/62 MP: 14/20
  8169 | D:7      | Found Decla's Assorted Antiques.
  8177 | D:7      | Reached skill level 8 in Spellcasting
  8481 | D:7      | Found Buatoc's Distillery.
  8765 | D:7      | Learned a level 4 spell: Iskenderun's Mystic Blast
  9231 | D:8      | Reached skill level 1 in Translocations
  9439 | D:8      | Reached * piety under Vehumet
  9439 | D:8      | Offered knowledge of Shock by Vehumet.
  9505 | D:8      | Reached skill level 2 in Translocations
  9784 | D:8      | Learned a level 1 spell: Shock
  9799 | D:8      | Learned a level 2 spell: Passwall
  9800 | D:8      | Reached skill level 10 in Conjurations
  9870 | D:8      | Reached skill level 1 in Earth Magic
 10294 | D:8      | Found Tiudaul's Book Boutique.
 10294 | D:8      | Noticed a two-headed ogre
 10304 | D:8      | Killed a two-headed ogre
 10304 | D:8      | Reached skill level 9 in Spellcasting
 10304 | D:8      | Reached skill level 3 in Translocations
 10304 | D:8      | Reached skill level 2 in Earth Magic
 10493 | D:8      | Reached XP level 10. HP: 69/69 MP: 17/23
 11008 | D:8      | Reached ** piety under Vehumet
 11008 | D:8      | Offered knowledge of Foxfire by Vehumet.
 11011 | D:8      | Learned a level 1 spell: Foxfire
 11570 | D:8      | Learned a level 4 spell: Petrify
 11576 | D:8      | Learned a level 5 spell: Lee's Rapid Deconstruction
 11593 | D:9      | Reached skill level 3 in Earth Magic
 11783 | D:9      | Noticed Harold
 11806 | D:9      | Killed Harold
 11806 | D:9      | Reached skill level 4 in Translocations
 12116 | D:9      | Found a runed translucent door.
 12117 | D:9      | Noticed an ice dragon
 12121 | D:9      | Noticed a fire dragon
 12121 | D:9      | Noticed an ice dragon
 12122 | D:9      | Found the +2 shield of Resistance {rF++ rC++ MR++}
 12123 | D:9      | Noticed a fire dragon
 12136 | D:9      | Found a staircase to the Orcish Mines.
 12160 | D:9      | Found a runed translucent door.
 12409 | D:9      | Found a bloodstained altar of Trog.
 12690 | D:9      | Reached skill level 4 in Earth Magic
 12859 | D:10     | Entered Level 10 of the Dungeon
 13171 | D:10     | Offered knowledge of Static Discharge by Vehumet.
 13363 | D:10     | Noticed Urug
 13719 | D:10     | Noticed a two-headed ogre
 13729 | D:10     | Killed a two-headed ogre
 13729 | D:10     | Reached skill level 5 in Translocations
 13920 | D:10     | Reached skill level 11 in Conjurations
 13949 | D:10     | Found Motoci's Weapon Emporium.
 14006 | D:10     | Reached skill level 5 in Earth Magic
 14330 | D:10     | Found a staircase to the Lair.
 14342 | D:10     | Reached skill level 10 in Spellcasting
 14342 | D:10     | Reached XP level 11. HP: 35/74 MP: 18/25
 14512 | D:10     | Killed Urug
 14512 | D:10     | Reached *** piety under Vehumet
 14809 | D:10     | Noticed a two-headed ogre
 14856 | D:10     | Killed a two-headed ogre
 15300 | D:11     | Reached skill level 6 in Earth Magic
 15809 | D:8      | Bought a book of Power for 540 gold pieces
 16141 | Lair:1   | Entered Level 1 of the Lair of Beasts
 16174 | Lair:1   | Offered knowledge of Hailstorm by Vehumet.
 16194 | Lair:1   | Found a gate leading to a gauntlet.
 16206 | Gauntlet | Entered a Gauntlet
 16206 | Gauntlet | Found a transporter.
 16255 | Gauntlet | Noticed a wizard
 16262 | Gauntlet | Found a transporter.
 16274 | Gauntlet | Found a transporter.
 16279 | Gauntlet | Found a transporter.
 16294 | Gauntlet | Found a transporter.
 16309 | Gauntlet | Noticed an obsidian statue
 16310 | Gauntlet | Found a transporter.
 16325 | Gauntlet | Found a transporter.
 16331 | Gauntlet | Found a transporter.
 16333 | Gauntlet | Found a transporter.
 16337 | Gauntlet | Noticed a death drake
 16353 | Gauntlet | Found a transporter.
 16354 | Gauntlet | Noticed an entropy weaver
 16359 | Gauntlet | Found a transporter.
 16379 | Gauntlet | Found a transporter.
 16381 | Gauntlet | Found the amulet of Vitality {Regen+ HP+15}
 16383 | Gauntlet | Noticed a wretched star
 16385 | Gauntlet | Found a transporter.
 16387 | Gauntlet | Found a transporter.
 16411 | Gauntlet | Found a transporter.
 16418 | Gauntlet | Noticed a purple ugly thing
 16420 | Gauntlet | Noticed a great orb of eyes
 16431 | Gauntlet | Found a transporter.
 16452 | Gauntlet | Found a transporter.
 16485 | Gauntlet | Found a transporter.
 16559 | Gauntlet | HP: 3/74 [torpor snail (16)]
 16837 | Gauntlet | Got a shimmering ivory ring
 17091 | Gauntlet | Identified the ring of Oenomania {MR++ rCorr Dex-5} (You
                  | found it in a Gauntlet)
 17156 | Gauntlet | Killed a great orb of eyes
 17156 | Gauntlet | Reached skill level 12 in Conjurations
 17156 | Gauntlet | Reached skill level 7 in Earth Magic
 17161 | Gauntlet | Killed a purple ugly thing
 17346 | Gauntlet | Noticed a minotaur
 17350 | Gauntlet | Hit by a javelin thrown by a minotaur

Vanquished Creatures
  Harold (D:9)
  A great orb of eyes (Gauntlet)
  3 two-headed ogres
  Urug (D:10)
  An ugly thing (Gauntlet)
  A torpor snail (Gauntlet)
  A gargoyle (D:11)
  A komodo dragon (Lair:1)
  2 wyverns
  11 yaks
  A basilisk (D:10)
  2 swamp worms (Gauntlet)
  2 orc warriors (D:8)
  5 sky beasts
  3 ice beasts
  A black bear (D:10)
  A phantom (D:11)
  3 wolves (Lair:1)
  8 centaurs
  3 ogres
  3 bullfrogs (D:9)
  2 big kobolds
  A wyvern skeleton (D:10)
  2 scorpions
  10 wights
  8 howler monkeys
  2 centaur zombies
  3 bullfrog zombies
  5 hounds
  3 jellies
  4 bullfrog skeletons
  6 orc priests
  Jessica (D:2)
  Terence (D:3)
  12 orc wizards
  6 iguanas
  2 worker ants
  A killer bee zombie (D:6)
  A worker ant zombie (D:6)
  A howler monkey zombie (D:8)
  10 gnolls
  18 adders
  A river rat (D:6)
  2 shadow imps
  4 white imps
  3 ufetubi
  2 oozes
  4 worms
  3 dart slugs
  7 leopard geckos
  47 orcs
  4 giant cockroaches
  15 goblins
  10 hobgoblins
  23 jackals
  14 kobolds
  4 quokkas
  7 ball pythons
  10 bats
  6 frilled lizards
  A leopard gecko skeleton (D:4)
  A quokka zombie (D:6)
  8 rats
330 creatures vanquished.

Vanquished Creatures (others)
  An orc wizard (D:5)
  11 foxfires
  7 fulminant prisms
  9 fungi
  14 plants
42 creatures vanquished.

Grand Total: 372 creatures vanquished

Table legend: (Time is in decaauts)
 A = Elapsed time spent in this place.
 B = Non-inter-level travel time spent in this place.
 C = Inter-level travel time spent in this place.
 D = Time resting spent in this place.
 E = Time spent auto-exploring this place.
 F = Levels seen in this place.
 G = Mean time per level.
                   A        B        C        D        E       F      G
               +--------+--------+--------+--------+--------+-----+--------+
         Total |  17370 |  16545 |    825 |   5471 |   7968 |  14 | 1240.7 |
       Dungeon |  15961 |  15154 |    807 |   4778 |   7764 |  11 | 1451.0 |
        Temple |    190 |    173 |     17 |     69 |     85 |   1 |  190.0 |
          Lair |     64 |     64 |      0 |      4 |      0 |   1 |   64.0 |
      Gauntlet |   1153 |   1153 |      0 |    620 |    119 |   1 | 1153.0 |
               +--------+--------+--------+--------+--------+-----+--------+

Top non-repeatable levels by time:
     D:8: 2442 daAuts
     D:9: 2140 daAuts
    D:10: 1566 daAuts
     D:7: 1552 daAuts
     D:6: 1517 daAuts
     D:4: 1397 daAuts
     D:5: 1227 daAuts
Gauntlet: 1153 daAuts
     D:3: 1126 daAuts
     D:1: 1100 daAuts
     D:2: 1073 daAuts
    D:11: 817 daAuts
  Temple: 190 daAuts
  Lair:1: 64 daAuts

Table legend:
 A = Non-vault XP
 B = Vault XP
 C = Vault XP percentage of total XP
 D = Non-vault monster count
 E = Vault monster count
 F = Vault count percentage of total count
                 A         B        C        D         E       F
            +---------+---------+-------+---------+---------+-------
      Total |   12125 |    5913 |  32.8 |     282 |      49 |  14.8
            +---------+---------+-------+---------+---------+-------
        D:1 |      27 |       0 |   0.0 |      12 |       0 |   0.0
        D:2 |      76 |      56 |  42.4 |      23 |       6 |  20.7
        D:3 |     108 |      64 |  37.2 |      26 |       4 |  13.3
        D:4 |     371 |      18 |   4.6 |      22 |       9 |  29.0
        D:5 |     708 |       0 |   0.0 |      34 |       0 |   0.0
        D:6 |     870 |      23 |   2.6 |      19 |       8 |  29.6
        D:7 |    1191 |       0 |   0.0 |      29 |       0 |   0.0
        D:8 |    2388 |       0 |   0.0 |      45 |       0 |   0.0
        D:9 |     836 |    1028 |  55.2 |      29 |       8 |  21.6
       D:10 |    3916 |    1563 |  28.5 |      27 |       5 |  15.6
       D:11 |     930 |       0 |   0.0 |      11 |       0 |   0.0
     Temple |       3 |       0 |   0.0 |       1 |       0 |   0.0
     Lair:1 |     701 |       0 |   0.0 |       4 |       0 |   0.0
   Gauntlet |       0 |    3161 | 100.0 |       0 |       9 | 100.0
            +---------+---------+-------+---------+---------+-------
